 Dungeon Crawl Stone Soup version 0.18-a0-1299-ge3c6ce7 (webtiles) character file.

121 Banto the Ruffian (level 5, -15/28 HPs)
             Began as a Vine Stalker Skald on Feb 11, 2016.
             Was a Follower of Zin.
             Demolished by an ogre
             ... wielding a +0 giant club
              (24 damage)
             ... on level 4 of the Dungeon.
             The game lasted 00:03:50 (2335 turns).

Banto the Ruffian (Vine Stalker Skald)              Turns: 2335, Time: 00:03:50

Health: -15/28     AC:  5    Str: 15    XL:     5   Next: 5%
Magic:  0/9        EV: 12    Int: 12    God:    Zin [*.....]
Gold:   123        SH:  0    Dex: 14    Spells: 1 memorised, 7 levels left

rFire  . . .     SeeInvis .       - Unarmed
rCold  . . .     Gourm    .     d - +0 leather armour
rNeg   . . .     Faith    .     (no shield)
rPois  .         Spirit   +     (no helmet)
rElec  .         Dismiss  .     m - +0 cloak
rCorr  .         Reflect  .     (no gloves)
SustAt .         Harm     .     q - +0 pair of boots
MR     .....                    (no amulet)
Stlth  +.........               (no ring)
                                s - +1 ring of evasion

@: not resistant to hostile enchantments, very unstealthy
A: fangs 2, regeneration 1, magic shield, antimagic bite, no device heal 3, rot
immunity
a: Recite, Donate Gold, Renounce Religion


You were on level 4 of the Dungeon.
You worshipped Zin.
Zin was aware of your devotion.
You were not hungry.

You visited 1 branch of the dungeon, and saw 4 of its levels.

You collected 226 gold pieces.
You spent 90 gold pieces at shops.
You donated 13 gold pieces to Zin.

Inventory:

Armour
 d - a +0 leather armour (worn)
 l - a +0 scale mail
 m - a +0 cloak (worn)
 q - a +0 pair of boots (worn)
Jewellery
 s - a +1 ring of evasion (left hand)
Scrolls
 e - 2 scrolls of teleportation
 i - 2 scrolls of enchant weapon
 t - 3 scrolls of remove curse
 u - a scroll of magic mapping
Potions
 a - 2 potions of agility
 f - a potion of flight
 h - a potion of beneficial mutation
 j - a potion of lignification {unknown}
 n - a potion of degeneration {unknown}
 o - a potion of brilliance {unknown}
 p - 2 potions of invisibility {unknown}
 r - a potion of curing
Books
 b - a book of Battle

   Spells                             Type                      Level
   a - Infusion                       Charms                       1
   b - Shroud of Golubria             Charms/Translocation         2
   c - Song of Slaying                Charms                       2
   d - Spectral Weapon                Hexes/Charms                 3
   e - Regeneration                   Charms/Necromancy            3
Comestibles
 c - 4 bread rations
 g - a slice of pizza
 k - 3 meat rations


   Skills:
 + Level 3.1 Fighting
 - Level 0.7 Armour
 - Level 0.7 Dodging
 * Level 4.0 Unarmed Combat
 - Level 2.1 Spellcasting
 - Level 3.0 Charms


You had 7 spell levels left.
You knew the following spells:

 Your Spells              Type           Power        Failure   Level  Hunger
a - Infusion              Chrm           #...         12%         1    ##.....


Dungeon Overview and Level Annotations

Branches:
Dungeon (4/15)
 Temple: D:4-7

Altars:
Ashenzari
Cheibriados
Okawaru
Zin
The Shining One

Annotations:
D:3 Banto's ghost, amateur VSSk


Innate Abilities, Weirdness & Mutations

You have extremely sharp teeth.
Your natural rate of healing is unusually fast.
When hurt, damage is shared between your health and your magic reserves.
Your bite disrupts and absorbs the magic of your enemies.
Potions and wands cannot restore your health.
You are immune to rotting.


Message History

The ogre is moderately wounded.
The ogre closely misses you.
You hit the ogre. Your bite misses the ogre.
The ogre is moderately wounded.
You hit the ogre.
The ogre is heavily wounded.
The ogre hits you with a giant club!
You hit the ogre but do no damage. You bite the ogre, but do no damage.
The ogre is heavily wounded.
The ogre hits you with a giant club!
You hit the ogre. Your bite misses the ogre.
The ogre is severely wounded.
You hit the ogre.
The ogre is almost dead.
The ogre hits you with a giant club.
You hit the ogre but do no damage.
The ogre is almost dead.
The ogre hits you with a giant club!!
Ouch! That really hurt!
You die...

....................+##
.....................#
.....................#
.....................##
......................##
.......................#
......................##
........†.............##
.....=O@................
......................##
......................#
......................#
###..#####.###..####.##
...# .....#####.### ###.
####.......... #
####.##.### #.........


You could see an ogre.

Vanquished Creatures
  A hound (D:4)
  An adder (D:2)
  4 worms
  3 giant geckos
  3 orcs (D:3)
  8 bats
  4 giant cockroaches
  9 goblins
  8 hobgoblins
  4 jackals (D:3)
  6 kobolds
  A quokka (D:3)
  2 ball pythons (D:3)
  2 giant newts
  6 rats
62 creatures vanquished.

Notes
Turn   | Place    | Note
--------------------------------------------------------------
     0 | D:1      | Banto the Vine Stalker Skald began the quest for the Orb.
     0 | D:1      | Reached XP level 1. HP: 11/11 MP: 4/4
   179 | D:1      | Reached XP level 2. HP: 13/15 MP: 6/6
   740 | D:2      | Reached XP level 3. HP: 14/19 MP: 5/7
   796 | D:2      | Found a glowing golden altar of the Shining One.
  1439 | D:3      | Reached XP level 4. HP: 14/23 MP: 6/8
  1527 | D:3      | Found Zin's Purification Station.
  1528 | D:3      | Found a glowing silver altar of Zin.
  1533 | D:3      | Bought a potion of curing for 90 gold pieces
  1536 | D:3      | Became a worshipper of Zin the Law-Giver
  1555 | D:3      | Found an iron altar of Okawaru.
  1667 | D:3      | Reached * piety under Zin
  1726 | D:3      | Noticed Banto's ghost (amateur VSSk)
  1966 | D:3      | Found a shattered altar of Ashenzari.
  1966 | D:3      | Found a snail-covered altar of Cheibriados.
  2272 | D:4      | Reached skill level 4 in Unarmed Combat
  2272 | D:4      | Reached XP level 5. HP: 11/28 MP: 4/9
  2321 | D:4      | Noticed an ogre
  2335 | D:4      | Demolished by an ogre

Vault maps used:
D:1:      dpeg_arrival_tiny_a
D:2:      tso_oasis_becter
D:3:      okawaru_gym_becter, zin_purify, amethyst_overflow_temple_binary,
          kennysheep_cross_room, grunt_ministairs_6, minmay_misc_feat_rows,
          minivault_4, mrwooster_statue_mirror, hangedman_abyss_or_decor_stabs
D:4:      lemuel_crystal_altar, first_bread, wad_floor_pattern_1,
          grunt_decor_one_mirror, minmay_goblin_outpost

Action                   |  1- 3 |  4- 6 || total
-------------------------+-------+-------++-------
Melee: Unarmed           |   131 |   101 ||   232
 Cast: Infusion          |     4 |     6 ||    10
  Use: Scroll            |     7 |     2 ||     9
 Stab: Sleeping          |       |     1 ||     1
  Eat: Chunk             |     2 |     3 ||     5
